 Dungeon Crawl Stone Soup version 0.27-a0-679-g77a6b55cf3 (webtiles) character file.

Game seed: 13000607297785454754

19064 scammafunk the Blocker (level 12, -5/112 HPs)
             Began as a Minotaur Fighter on Mar 18, 2021.
             Was an Elder of Makhleb.
             Slain by a death knight
             ... wielding a +0 halberd
              (9 damage)
             ... while petrified by a basilisk
             ... on level 13 of the Dungeon.
             The game lasted 00:45:59 (9700 turns).

scammafunk the Blocker (Minotaur Fighter)           Turns: 9700, Time: 00:46:00

Health: -5/112     AC: 17    Str: 26    XL:     12   Next: 33%
Magic:  15/15      EV:  2    Int:  5    God:    Makhleb [****..]
Gold:   684        SH:  0    Dex: 10    Spells: 11/11 levels left

rFire    . . .     SeeInvis .   x - +2 war axe (freeze)
rCold    . . .     Faith    .   c - +0 kite shield
rNeg     + + +     Spirit   .   J - +0 plate armour
rPois    ∞         Reflect  .   g - +1 hat
rElec    .         Harm     .   k - +0 cloak
rCorr    .         Rampage  .   (no gloves)
Will     .....     Clarity  +   (no boots)
Stlth    ..........             f - amulet of regeneration
HPRegen  1.28/turn              h - +4 ring of evasion
MPRegen  0.14/turn              (no ring)

@: mighty, petrified
A: horns 2, retaliatory headbutt, clarity, sense surroundings 1, screaming 1
a: Renounce Religion, Minor Destruction, Lesser Servant of Makhleb, Major
Destruction


You were on level 13 of the Dungeon.
You worshipped Makhleb.
Makhleb was greatly pleased with you.
You visited 2 branches of the dungeon, and saw 14 of its levels.

You collected 684 gold pieces.

Inventory:

Hand Weapons
 t - a +0 morningstar of draining
 x - a +2 war axe of freezing (weapon)
 D - a +0 vorpal dire flail
Missiles
 B - a curare-tipped dart
Armour
 c - a +0 kite shield (worn)
 g - a +1 hat (worn)
 k - a +0 cloak (worn)
 m - a +3 scale mail
 q - a +1 scale mail of cold resistance
 r - +0 acid dragon scales
 s - a +1 scale mail of fire resistance
 G - +0 ice dragon scales
 J - a +0 plate armour (worn)
 K - a +0 troll leather armour
Jewellery
 f - an amulet of regeneration (around neck)
 h - a +4 ring of evasion (right hand)
 i - a ring of ice
Wands
 a - a wand of iceblast (10)
 b - a wand of paralysis (9)
 n - a wand of polymorph (19)
 p - a wand of random effects (22)
 E - a wand of flame (18)
Scrolls
 e - a scroll of brand weapon
 j - 5 scrolls of identify
 u - a scroll of vulnerability
 v - a scroll of blinking
 y - 4 scrolls of teleportation
 A - a scroll of fog
 C - a scroll of enchant weapon
Potions
 d - 2 potions of might
 l - 3 potions of curing
 o - 2 potions of heal wounds
 w - a potion of lignification
 z - a potion of brilliance
 H - a potion of haste
 I - a potion of magic
Miscellaneous
 F - a lightning rod (4/4)


   Skills:
 + Level 12.1 Fighting
 + Level 11.8 Axes
 - Level 10.1 Armour
 * Level 13.8 Shields
 + Level 5.8 Invocations


You had 11 spell levels left.
You didn't know any spells.
Your spell library contained the following spells:

 Spells                   Type           Power      Damage    Failure   Level
 Animate Skeleton         Necr           0%         N/A       99%         1
 Magic Dart               Conj           0%         1d3       99%         1
 Pain                     Necr           0%         1d4       99%         1
 Searing Ray              Conj           0%         3d3       100%        2
 Dazzling Flash           Conj/Hex       0%         N/A       100%        3
 Vampiric Draining        Necr           0%         2d6       100%        3
 Animate Dead             Necr           0%         N/A       100%        4
 Fulminant Prism          Conj/Hex       0%         3d6       100%        4
 Iskenderun's Mystic Bla  Conj/Tloc      0%         2d3       100%        4
 Agony                    Necr           0%         N/A       100%        5


Dungeon Overview and Level Annotations

Branches:
Dungeon (13/15)            Temple (1/1) D:7            Lair (0/6) D:8
    Orc (0/2) D:10
 Vaults: D:13-14

Altars:
Ashenzari
Cheibriados
Dithmenos
Elyvilon
Fedhas
Gozag
Hepliaklqana
Kikubaaqudgha
Makhleb
Nemelex Xobeh
Okawaru
Qazlal
Ru
Sif Muna
Trog
Uskayaw
Vehumet
Wu Jian
Xom
Yredelemnul
Zin
The Shining One
Lugonu


Innate Abilities, Weirdness & Mutations

You have a pair of horns on your head.
You reflexively headbutt those who attack you in melee.
You possess an exceptional clarity of mind.
You passively map a small area around you.
You occasionally shout uncontrollably at your foes.


Message History

The orc warrior hits you but does no damage.
The basilisk bites you.
The orc wizard points at itself and mumbles some strange words.
The orc wizard flickers and vanishes!
Deactivating autopickup; reactivate with Ctrl-A.
The kobold brigand hits you but does no damage.
The death knight hits you with a +0 halberd!!
* * * LOW HITPOINT WARNING * * *
The orc warrior hits you from afar with a +0 halberd!
* * * LOW HITPOINT WARNING * * *
The basilisk gazes at you. You resist with some effort.
The kobold brigand hits you. The death knight completely misses you.
An orc wizard comes into view.
It is wielding a +0 dagger and wearing a +0 robe of willpower.
The orc warrior hits you from afar with a +0 halberd.
* * * LOW HITPOINT WARNING * * *
The basilisk gazes at you.
The kobold brigand hits you but does no damage.
The death knight hits you with a +0 halberd!
* * * LOW HITPOINT WARNING * * *
The orc warrior hits you from afar with a +0 halberd.
* * * LOW HITPOINT WARNING * * *
The basilisk gazes at you.
The kobold brigand hits you but does no damage.
An orc comes into view. It is wielding a +0 dagger.
The death knight hits you with a +0 halberd!
* * * LOW HITPOINT WARNING * * *
The orc warrior hits you from afar with a +0 halberd!!
* * * LOW HITPOINT WARNING * * *
The basilisk gazes at you. You resist with some effort.
The death knight's dark mirror aura disappears.
The kobold brigand hits you but does no damage.
The five-headed hydra barely misses you.
The five-headed hydra bites you but does no damage. x2
The five-headed hydra bites you.
* * * LOW HITPOINT WARNING * * *
The five-headed hydra bites you but does no damage.
The death knight hits you with a +0 halberd!!
You die...

..................
, ,
.................>
....o.............
,
..o...............*
,
..................
.....o............
.....o.K))).......
,
......plK)).......
...?.ZD@))........
,
...(..............
, ,
..............(...
............(.....
, ,,
..................*
*
####.##.#.#.####..,
, #. #.#.#.# .#
#.,....#.# ,


You could see a death knight, a five-headed hydra, a basilisk, 2 orc warriors, a
kobold brigand, an orc wizard, an orc, a meliai zombie and a kobold.

Vanquished Creatures
  Frances (D:13)
  2 hydras
  4 two-headed ogres
  3 unseen horrors
  An oklob plant (D:7)
  2 ugly things
  A manticore (D:12)
  A centaur zombie (D:10)
  A centaur skeleton (D:10)
  Maggie (D:7)
  2 gargoyles
  4 trolls
  A wraith (D:11)
  A vampire (D:12)
  7 yaks
  A wyvern (D:8)
  2 vampire mosquitoes (D:12)
  Menkaure (D:5)
  A warg (D:10)
  An acid dragon (D:13)
  Duvessa (D:5)
  5 black bears
  7 orc warriors
  8 ogres
  An ice beast (D:11)
  2 sky beasts
  10 centaurs
  2 phantoms
  5 kobold brigands
  6 bullfrogs
  Dowan (D:5)
  6 scorpions
  A water moccasin skeleton (D:7)
  11 howler monkeys
  10 wights
  A bullfrog zombie (D:6)
  3 hounds
  3 jellies
  A bullfrog skeleton (D:9)
  4 orc priests
  6 iguanas
  10 worker ants
  8 orc wizards
  2 hound skeletons
  A worker ant zombie (D:5)
  12 adders
  3 gnolls (D:4)
  2 white imps
  3 ufetubi
  An adder zombie (D:8)
  An adder skeleton (D:9)
  2 worms
  A dart slug (D:1)
  5 leopard geckos
  60 orcs
  2 giant cockroaches
  8 goblins
  6 hobgoblins
  10 jackals
  4 quokkas
  3 ball pythons
  10 bats
  A frilled lizard (D:3)
  27 kobolds
  2 leopard gecko skeletons
  14 rats
330 creatures vanquished.

Vanquished Creatures (others)
  2 demonic plants (Temple)
  3 plants (D:7)
5 creatures vanquished.

Grand Total: 335 creatures vanquished

Notes
Turn   | Place    | Note
-------+----------+-------------------------------------------
     0 | D:1      | scammafunk the Minotaur Fighter began the quest for the
                  | Orb.
     0 | D:1      | Reached XP level 1. HP: 19/19 MP: 0/0
    60 | D:1      | Reached XP level 2. HP: 27/27 MP: 1/1
   231 | D:1      | Reached skill level 4 in Shields
   779 | D:2      | Reached XP level 3. HP: 30/33 MP: 2/2
   795 | D:2      | Found an ancient bone altar of Kikubaaqudgha.
   936 | D:2      | Found a shadowy altar of Dithmenos.
  1099 | D:2      | Reached XP level 4. HP: 34/41 MP: 3/3
  1481 | D:3      | Found a faded altar of an unknown god.
  1537 | D:3      | Found a snail-covered altar of Cheibriados.
  1599 | D:3      | Reached XP level 5. HP: 20/47 MP: 4/4
  1772 | D:3      | Found a radiant altar of Vehumet.
  2128 | D:4      | Reached skill level 5 in Fighting
  2128 | D:4      | Reached skill level 5 in Shields
  2134 | D:4      | Reached skill level 5 in Armour
  2140 | D:4      | Gained mutation: You possess an exceptional clarity of
                  | mind. [potion of mutation]
  2140 | D:4      | Gained mutation: You passively map a small area around you.
                  | [potion of mutation]
  2140 | D:4      | Gained mutation: Your flesh is cold resistant. (rC+)
                  | [potion of mutation]
  2181 | D:4      | Reached XP level 6. HP: 43/56 MP: 5/5
  3055 | D:5      | Entered Level 5 of the Dungeon
  3062 | D:5      | Noticed Menkaure
  3070 | D:5      | Killed Menkaure
  3071 | D:5      | Reached skill level 5 in Axes
  3071 | D:5      | Reached XP level 7. HP: 17/62 MP: 6/6
  3118 | D:5      | Noticed Duvessa
  3118 | D:5      | Noticed Dowan
  3133 | D:5      | Killed Duvessa
  3134 | D:5      | Reached skill level 6 in Shields
  3139 | D:5      | Killed Dowan
  3500 | D:5      | Found a bloodstained altar of Trog.
  3565 | D:4      | Found a glowing silver altar of Zin.
  3910 | D:6      | Reached XP level 8. HP: 71/71 MP: 7/7
  4165 | D:6      | Reached skill level 7 in Shields
  4262 | D:7      | Noticed Maggie
  4279 | D:7      | Killed Maggie
  4476 | D:7      | Reached skill level 8 in Shields
  4476 | D:7      | Reached XP level 9. HP: 78/81 MP: 8/8
  4707 | D:7      | Found a staircase to the Ecumenical Temple.
  4716 | Temple   | Entered the Ecumenical Temple
  4748 | Temple   | Became a worshipper of Makhleb the Destroyer
  4817 | D:7      | Found a sparkling altar of Nemelex Xobeh.
  4817 | D:7      | Noticed an oklob plant
  4831 | D:7      | Killed an oklob plant
  5172 | D:8      | Found a staircase to the Lair.
  5180 | D:8      | Reached skill level 9 in Shields
  5285 | D:8      | Found a white marble altar of Elyvilon.
  5413 | D:8      | Found a shimmering altar of Xom.
  5413 | D:8      | Found a blossoming altar of Fedhas.
  5414 | D:8      | Found a stormy altar of Qazlal.
  5416 | D:8      | Found a glowing golden altar of the Shining One.
  5416 | D:8      | Found a sparkling altar of Nemelex Xobeh.
  5528 | D:8      | Found a hide-covered altar of Uskayaw.
  5568 | D:8      | Reached * piety under Makhleb
  5632 | D:9      | Noticed a five-headed hydra
  5666 | D:8      | Killed a six-headed hydra
  5667 | D:8      | Reached XP level 10. HP: 54/91 MP: 9/9
  6168 | D:9      | Reached skill level 10 in Shields
  6233 | D:9      | Reached skill level 10 in Fighting
  6613 | D:10     | Entered Level 10 of the Dungeon
  6623 | D:10     | Reached skill level 10 in Armour
  6657 | D:10     | Noticed a gargoyle
  6666 | D:10     | Killed a gargoyle
  6691 | D:10     | Reached ** piety under Makhleb
  6707 | D:10     | Found a staircase to the Orcish Mines.
  6709 | D:10     | Reached skill level 1 in Invocations
  6722 | D:10     | Reached skill level 10 in Axes
  6848 | D:10     | Noticed a two-headed ogre
  6854 | D:10     | Killed a two-headed ogre
  6855 | D:10     | Reached skill level 11 in Shields
  6938 | D:10     | Lost mutation: You possess an exceptional clarity of mind.
                  | [potion of mutation]
  6938 | D:10     | Lost mutation: Your flesh is cold resistant. (rC+) [potion
                  | of mutation]
  6938 | D:10     | Gained mutation: You occasionally shout uncontrollably at
                  | your foes. [potion of mutation]
  6938 | D:10     | Gained mutation: You possess an exceptional clarity of
                  | mind. [potion of mutation]
  6971 | D:10     | Reached XP level 11. HP: 98/101 MP: 11/11
  7170 | D:10     | Killed an unseen horror
  7185 | D:10     | Noticed a two-headed ogre
  7194 | D:10     | Killed a two-headed ogre
  7616 | D:11     | Noticed a two-headed ogre
  7622 | D:11     | Killed a two-headed ogre
  7911 | D:11     | Reached skill level 12 in Shields
  7912 | D:11     | Reached *** piety under Makhleb
  8233 | D:11     | Noticed a cyan ugly thing
  8233 | D:11     | Noticed a two-headed ogre
  8238 | D:11     | Killed a two-headed ogre
  8244 | D:11     | Killed a cyan ugly thing
  8355 | D:11     | Killed an unseen horror
  8744 | D:12     | Noticed a six-headed hydra
  8756 | D:11     | Killed a six-headed hydra
  8805 | D:12     | Noticed a white ugly thing
  8826 | D:12     | Killed a white ugly thing
  8870 | D:12     | Reached skill level 13 in Shields
  8974 | D:12     | Reached skill level 5 in Invocations
  9024 | D:12     | Reached **** piety under Makhleb
  9056 | D:12     | Reached XP level 12. HP: 111/111 MP: 14/14
  9582 | D:13     | Noticed Frances
  9668 | D:13     | Killed Frances
  9675 | D:13     | Noticed a death knight
  9693 | D:13     | Noticed a five-headed hydra
  9699 | D:13     | HP: 5/112 [orc warrior/+0 halberd (9)]
  9700 | D:13     | Slain by a death knight

Illustrated notes

Levels and vault maps discovered:
D:1:      dpeg_arrival_subterranean_lakeside_camping, layout_basic,
          chequers_decorated_corner
D:2:      layout_loops_ring, general_overflow_altar, lemuel_crystal_altar
D:3:      layout_loops_ring, nicolae_overflow_crystal_walls, vehumet_crystals,
          chequers_ecumenical_altar_island
D:4:      layout_loops_corners, nicolae_overflow_hidden_temple
D:5:      layout_loops_ring, kennysheep_mini_moat, uniq_duvessa, uniq_menkaure
D:6:      layout_gridville
D:7:      layout_basic, minmay_temple_entry_arrows, lemuel_oklob_altar,
          uniq_maggie
D:8:      layout_cave_pools, lemuel_coloured_pillars_altar, kennysheep_mini,
          grunt_temple_overflow_open, david_lair_generic, special_room
          [special_room_orc]
D:9:      layout_basic, serial_aquarium, aquarium_bridge_square
          [aquarium_subvault_wall, aquarium_subvault_bridge,
          aquarium_subvault_bridge, aquarium_subvault_wall],
          aquarium_bridge_island_large [aquarium_subvault_large_open,
          aquarium_subvault_window, aquarium_subvault_bridge,
          aquarium_subvault_wall, aquarium_subvault_bridge],
          aquarium_window_fake, aquarium_window_1, aquarium_window_fake,
          aquarium_view_2a, aquarium_view_2d
D:10:     layout_irregular_city, erik_orc_3
D:11:     layout_basic
D:12:     layout_loops_cross, chequers_hall_statues_y
D:13:     layout_basic, uniq_frances, uniq_rupert
Temple:   corrupted_temple

Skill      XL: |  1  2  3  4  5  6  7  8  9 10 11 12 |
---------------+-------------------------------------+-----
Shields        | 4 5 6 8 9 11 13 | 13.8
Fighting       | 4 5 6 7 9 10 11 12 | 12.1
Armour         | 4 5 6 7 9 10 | 10.1
Axes           | 3 4 5 6 7 9 10 11 | 11.8
Invocations    | 2 5 |  5.8

Action                   |  1- 3 |  4- 6 |  7- 9 | 10-12 || total
-------------------------+-------+-------+-------+-------++-------
Melee: War axe           |    88 |   125 |   227 |   374 ||   814
       Headbutt          |    10 |    13 |    56 |    82 ||   161
       Morningstar       |       |       |     6 |     4 ||    10
Invok: Minor Destruction |       |       |       |    38 ||    38
  Use: Scroll            |       |     8 |     2 |     7 ||    17
       Potion            |       |     5 |     1 |     3 ||     9
 Stab: Invisible         |       |       |     2 |       ||     2
Armor: Scale mail        |    37 |    48 |    87 |   130 ||   302
       Plate armour      |       |       |       |    44 ||    44
       Acid dragon scale |       |       |       |     9 ||     9
Dodge: Dodged            |    28 |    53 |   125 |   164 ||   370
Block: Kite shield       |    47 |    69 |   155 |   284 ||   555

Table legend: (Time is in decaauts)
 A = Elapsed time spent in this place.
 B = Non-inter-level travel time spent in this place.
 C = Inter-level travel time spent in this place.
 D = Time resting spent in this place.
 E = Time spent auto-exploring this place.
 F = Levels seen in this place.
 G = Mean time per level.
                   A        B        C        D        E       F      G
               +--------+--------+--------+--------+--------+-----+--------+
         Total |   9910 |   9507 |    403 |    149 |   6888 |  14 |  707.9 |
       Dungeon |   9842 |   9439 |    403 |    149 |   6868 |  13 |  757.1 |
        Temple |     68 |     68 |      0 |      0 |     20 |   1 |   68.0 |
               +--------+--------+--------+--------+--------+-----+--------+

Top non-repeatable levels by time:
    D:11: 1138 daAuts
    D:10: 1012 daAuts
     D:4: 998 daAuts
     D:9: 977 daAuts
    D:12: 882 daAuts
     D:7: 877 daAuts
     D:1: 803 daAuts
     D:5: 738 daAuts
     D:3: 733 daAuts
     D:2: 661 daAuts
     D:8: 501 daAuts
     D:6: 454 daAuts
  Temple: 68 daAuts
    D:13: 64 daAuts
